 Dungeon Crawl Stone Soup version 0.28.0 (webtiles) character file.

Game seed: 16974215607411433503

30 circuitbored the Grave Robber (level 3, -5/27 HPs)
             Began as a Draconian Necromancer on Feb 16, 2022.
             Was a Follower of Elyvilon.
             Slain by an iguana (9 damage)
             ... on level 4 of the Dungeon.
             The game lasted 00:04:40 (744 turns).

circuitbored the Grave Robber (DrNe)                 Turns: 744, Time: 00:04:41

Health: -5/27      AC:  5    Str: 12    XL:     3   Next: 3%
Magic:  6/6        EV: 12    Int: 15    God:    Elyvilon [*.....]
Gold:   78         SH:  0    Dex: 11    Spells: 4/6 levels left

rFire   . . .      SeeInvis .   b - +2 whip (distort)
rCold   . . .      Faith    .   (no shield)
rNeg    . . .      Spirit   .   (armour unavailable)
rPois   .          Reflect  .   (helmet restricted)
rElec   .          Harm     .   (no cloak)
rCorr   .          Rampage  .   (no gloves)
Will    .....                   (no boots)
Stlth   ++........              (no amulet)
HPRegen 0.09/turn               (no ring)
MPRegen 0.10/turn               (no ring)

@: no status effects
A: AC +5, unfitting armour, cold-blooded
a: Renounce Religion, Purification


You were on level 4 of the Dungeon.
You worshipped Elyvilon.
Elyvilon was aware of your devotion.
You visited 1 branch of the dungeon, and saw 4 of its levels.

You collected 78 gold pieces.

Inventory:

Hand Weapons
 a - a +0 long sword
 b - a +2 whip of distortion (weapon)
Scrolls
 d - a scroll of amnesia {unknown}
Potions
 c - a potion of curing {unknown}
 e - 2 potions of lignification {unknown}


   Skills:
 + Level 0.4 Fighting
 + Level 0.2 Long Blades
 + Level 2.0 Dodging
 + Level 1.9 Stealth
 + Level 2.1 Spellcasting
 + Level 4.6 Necromancy


You had 4 spell levels left.
You knew the following spells:

 Your Spells              Type           Power      Damage    Failure   Level
a - Pain                  Necr           60%        1d7       3%          1
b - Animate Skeleton      Necr           30%        N/A       3%          1

Your spell library contained the following spells:

 Spells                   Type           Power      Damage    Failure   Level
 Vampiric Draining        Necr           15%        2d7       10%         3
 Animate Dead             Necr           7%         N/A       32%         4
 Call Canine Familiar     Summ           1%         N/A       54%         3
 Portal Projectile        Hex/Tloc       2%         N/A       54%         3
 Leda's Liquefaction      Hex/Erth       0%         N/A       91%         4
 Agony                    Necr           15%        N/A       65%         5


Dungeon Overview and Level Annotations

Branches:
Dungeon (4/15)
 Temple: D:4-7

Altars:
Elyvilon


Innate Abilities, Weirdness & Mutations

Your plain brown scales are hard. (AC +5)
You cannot fit into any form of body armour.
You are cold-blooded and may be slowed by cold attacks.


Message History

You hit the goblin.
You kill the goblin!
You have reached level 3!
Your experience leads to an increase in your attributes!
Increase (S)trength, (I)ntelligence, or (D)exterity?
You feel stronger. x2; Your scales feel tougher.
You see here a +0 short sword.
There is a stone staircase leading down here.
You climb downwards.
The adder hisses angrily.
Found a hand axe, 14 stones, a chain mail and a whip.
Found a stone staircase leading up.
There is a stone staircase leading up here.
You completely miss the quokka.
The quokka bites you but does no damage.
You barely miss the quokka. The quokka barely misses you.
The quokka misses you.
You closely miss the quokka.
The iguana hisses angrily.
The quokka bites you.
You barely miss the quokka. The quokka misses you. The adder bites you.
You closely miss the quokka. The quokka bites you.
The adder bites you but does no damage.
The quokka bites you but does no damage.
You hit the quokka but do no damage.
Space warps around the quokka.
You kill the quokka!
The adder bites you.
You are poisoned.
The adder poisons you!
You closely miss the adder.
You feel sick. The adder misses you. The iguana barely misses you.
The adder misses you.
You barely miss the adder.
You feel sick. The iguana bites you!
* * * LOW HITPOINT WARNING * * *
The adder completely misses you.
You barely miss the adder.
Your tail-slap misses the adder.
You feel sick.
You are no longer poisoned.
The adder bites you but does no damage. The iguana bites you.
* * * LOW HITPOINT WARNING * * *
The adder barely misses you. The iguana bites you!
You die...

#........#..
##..........#
#............
###............
#...........[..
#........)..(..
#..............
#.....S<.......
#.....@........
#.....l........
#..............
#....).........
.........<......
................
.............#.#
..............


You could see an iguana and an adder.

Vanquished Creatures
  2 dart slugs (D:1)
  2 ball pythons
  2 endoplasms (D:1)
  4 goblins
  A hobgoblin (D:1)
  A kobold (D:1)
  5 quokkas
  2 bats (D:1)
  2 frilled lizards (D:1)
  A rat (D:1)
22 creatures vanquished.

Notes
Turn   | Place    | Note
-------+----------+-------------------------------------------
     0 | D:1      | circuitbored the Draconian Necromancer began the quest for
                  | the Orb.
     0 | D:1      | Reached XP level 1. HP: 14/14 MP: 3/3
    71 | D:1      | Reached XP level 2. HP: 12/20 MP: 5/5
   480 | D:1      | Learned a level 1 spell: Animate Skeleton
   493 | D:1      | Found a faded altar of an unknown god.
   548 | D:1      | Prayed at the altar of an unknown god.
   548 | D:1      | Became a worshipper of Elyvilon the Healer
   548 | D:1      | Reached * piety under Elyvilon
   725 | D:3      | Reached XP level 3. HP: 26/26 MP: 6/6
   744 | D:4      | Slain by an iguana

Illustrated notes

Levels and vault maps discovered:
D:1:      sevenhm_arrival_forest_fort_small_6, layout_rooms,
          hellmonk_ecumenical_altar_run_dry, minmay_tetromino_s2
D:2:      layout_basic
D:3:      layout_basic
D:4:      layout_rooms, mainiacjoe_overflow_alcove_2

Skill      XL: |  1  2 |
---------------+-------+-----
Dodging        | 2 |  2.0
Fighting       | |  0.4
Long Blades    | |  0.2
Stealth        | |  1.9
Spellcasting   | |  2.1
Necromancy     | |  4.6

Action                   || total
-------------------------++-------
Melee: Long sword        ||    25
       Unarmed           ||     3
       Tailslap          ||     3
       Whip              ||    27
       Punch             ||     1
Armor: Skin              ||    26
Dodge: Dodged            ||    48
